Match 42628988
Unlisted

Match 42628988
End
Selects Airborne Battlegroup
Selects Heavy Machine Gun Paradrop
Heavy Machine Gun Paradrop
Construct Barracks
Riflemen Squad
Grenade Package
Mechanized Support Center
Selects Paratrooper Squad Paradrop
Paratrooper Squad Paradrop
Construct Medical Station
Paratrooper Squad Paradrop
Riflemen Squad
Selects Recon Loiter
Construct Tank Depot
Selects Anti-tank Gun Team Paradrop
M4A1 Sherman Medium Tank
Engineer Squad
M4A1 76mm Conversion
Paratrooper Squad Paradrop
Selects Supply Drop
M4A1(76) Sherman Medium Tank
Selects Carpet Bombing Run
M4A1(76) Sherman Medium Tank
Carpet Bombing Run
Mortar Pit
Improvised Armor
Carpet Bombing Run
M4A1(76) Sherman Medium Tank
.30 cal Machine Gun
Rapid Repairs
A_Smoove
tonni peperonni
LuftwaffeOnYourSide
iriskel
0
0

Comments sign in to comment!

No comments posted yet!